 Dungeon Crawl Stone Soup version 0.31.0-9-g3a7656b989 (webtiles) character file.

Game seed: 14753471132611637526

159 EnegeticOcto the Ruffian (level 5, 53/53 HPs)
             Began as a Troll Monk on Jan 31, 2024.
             Quit the game on level 3 of the Dungeon.
             The game lasted 00:00:52 (1495 turns).

EnegeticOcto the Ruffian (Troll Monk)               Turns: 1495, Time: 00:00:53

Health: 53/53      AC:  4    Str: 19    XL:     5   Next: 17%
Magic:  4/4        EV: 10    Int:  6    God:
Gold:   106        SH:  0    Dex: 14    Spells: 4/4 levels left

rFire   . .          .
                       - Unarmed
rCold   . . .        c - orb {light}
rNeg    . . .        a - +0 robe
rPois   .            (helmet restricted)
rElec   .            (no cloak)
rCorr   .            (gloves unavailable)
SInv    .            (boots unavailable)
Will    .....        (no amulet)
Stlth   +            (no ring)
HPRegen 1.08/turn    (no ring)
MPRegen 0.09/turn

%: no passive effects
@: glowing, studying Stealth
A: large, unfitting armour, claws 3, regeneration 1, shaggy fur 1, tough skin 1
a: no special abilities


You were on level 3 of the Dungeon.
You visited 1 branch of the dungeon, and saw 3 of its levels.

You collected 106 gold pieces.

Inventory:

Armour
 a - a +0 robe (worn)
 c - an orb of light (worn)
Jewellery
 h - a ring of willpower
   (You found it on level 2 of the Dungeon)
Scrolls
 d - a scroll of poison {unknown}
 e - 3 scrolls of identify {unknown}
 f - 2 scrolls of fear {unknown}
 i - a scroll of vulnerability {unknown}
 j - a scroll of fog {unknown}
 k - a scroll of noise {unknown}
Potions
 b - a potion of ambrosia
 g - 2 potions of cancellation {unknown}
 l - a potion of attraction {unknown}
 m - a potion of brilliance {unknown}
 n - a potion of curing {unknown}
 o - a potion of degeneration {unknown}


   Skills:
 + Level 3.1 Fighting
 + Level 3.2 Dodging
 * Level 4.7 Unarmed Combat


You had 4 spell levels left.
You didn't know any spells.
Your spell library was empty.

Dungeon Overview and Level Annotations

Branches:
Dungeon (3/15) Zot: 16512

Altars:
Yredelemnul


Innate Abilities, Weirdness & Mutations

You are too large for most types of armour.
You have claws for hands.
Your natural rate of healing is unusually fast.
You are covered in fur. (AC +1)
You have tough skin. (AC +1)


Message History

A hobgoblin is nearby!
A hobgoblin is nearby!
A hobgoblin is nearby!
The hobgoblin hits you.
You scratch the hobgoblin but do no damage.
The hobgoblin barely misses you.
You claw the hobgoblin!
You kill the hobgoblin!
No target in view!
No target in view!
You see here a hobgoblin corpse.
You enter the shallow water.
You see here 8 stones.
Found a stone staircase leading up.
Things that are here:
a +0 club; 4 stones
e - 3 scrolls labelled JIRIHU VYN (gained 1) Done exploring.
Done exploring.
Done exploring.
No target in view!
No target in view!
No target in view!
Done exploring.
Done exploring.
(D) Dungeon
Where to? (Tab/Enter - D:2, ? - help)
There is a stone staircase leading down here.
You climb downwards.
The rat squeaks loudly.
Found a viscous grey potion.
There is a stone staircase leading up here.
A rat is nearby!
A rat is nearby!
A rat is nearby!
You scratch the rat.
You kill the rat!
No target in view!
No target in view!
No target in view!
No target in view!
No target in view!
There is a stone staircase leading up here.
o - a viscous grey potion A rat comes into view.
Found 5 stones.
The rat squeaks loudly.
A rat is nearby!
A rat is nearby!
A rat is nearby!
Natasha, Servant of Life and Death comes into view.
She is carrying a wand of flame.
Natasha hisses angrily.
The rat bites you but does no damage.
You completely miss the rat. You claw the rat!
You kill the rat!
Natasha casts a spell at you. The magic dart hits you!
Found a stone.
Natasha extends her claws.
Natasha zaps a wand.
The puff of flame hits you!
You are too injured to fight recklessly!
You are too injured to fight recklessly!
You are too injured to fight recklessly!
You are too injured to fight recklessly!
You are too injured to fight recklessly!
You are too injured to fight recklessly!
You are too injured to fight recklessly!
You are too injured to fight recklessly!
You are too injured to fight recklessly!
You are too injured to fight recklessly!
You are too injured to fight recklessly!
Natasha casts a spell.
You scratch the cerulean imp.
The cerulean imp is moderately wounded.
The cerulean imp closely misses you.
You claw the cerulean imp!
The cerulean imp is almost dead.
You claw the cerulean imp!
You kill the cerulean imp!
The cerulean imp disappears in a puff of smoke!
Natasha casts a spell at you. The magic dart hits you!
Natasha closely misses you.
You claw Natasha!
Natasha is heavily wounded.
Natasha stares at you and mumbles some strange words.
You resist with some effort.
You claw Natasha!
You kill Natasha!
Natasha screams in fury as she dies!
You have reached level 5!
Found a book of Callings and 12 gold pieces.
As you open the door, it creaks loudly!
Found a faded altar of an unknown god.
There is an open door here.
There is a faded altar of an unknown god here.
This altar belongs to (a) Yredelemnul, (b) the Shining One or (c) Makhleb, but you can't tell which.
Press the corresponding letter to learn more about a god, or press enter to convert or escape to cancel.
Okay, then.
Are you sure you want to abandon this character and quit the game? (Confirm with "yes".)

#......................
#....P.P....#.(.#######
##.###'###.###.##
#8...8#.# #.# #.###.#..
#.. #.#3#.#..$....
#.###.#.#######
#8...8#.# ###@### ###


You could see a neqoxec (petrified).

Vanquished Creatures
  A scorpion (D:2)
  Natasha (D:3)
  3 adders (D:2)
  An adder zombie (D:2)
  An adder skeleton (D:2)
  A ribbon worm (D:2)
  A ball python (D:1)
  A bat skeleton (D:2)
  A bat zombie (D:2)
  9 endoplasms
  A giant cockroach (D:2)
  4 goblins
  3 hobgoblins (D:2)
  2 kobolds
  4 quokkas
  A ball python zombie (D:2)
  A bat (D:2)
  A frilled lizard (D:1)
  A jackal zombie (D:2)
  5 rats
43 creatures vanquished.

Notes
Turn   | Place    | Note
-------+----------+-------------------------------------------
     0 | D:1      | EnegeticOcto the Troll Monk began the quest for the Orb.
     0 | D:1      | Reached XP level 1. HP: 22/22 MP: 0/0
     3 | D:1      | Noticed an electric eel
     4 | D:1      | Noticed an electric eel
   242 | D:1      | Reached XP level 2. HP: 29/29 MP: 1/1
   744 | D:2      | Reached XP level 3. HP: 34/36 MP: 2/2
   842 | D:2      | Reached skill level 4 in Unarmed Combat
   929 | D:2      | Found a basalt altar of Yredelemnul.
  1178 | D:2      | Noticed a scorpion
  1189 | D:2      | Killed a scorpion
  1190 | D:2      | Reached skill level 3 in Fighting
  1190 | D:2      | Reached skill level 3 in Dodging
  1190 | D:2      | Reached XP level 4. HP: 44/45 MP: 3/3
  1464 | D:3      | Noticed Natasha
  1475 | D:3      | Killed Natasha
  1476 | D:3      | Reached XP level 5. HP: 32/53 MP: 4/4
  1487 | D:3      | Found a faded altar of an unknown god.
  1487 | D:3      | Noticed a neqoxec
  1495 | D:3      | Quit the game

Illustrated notes

Levels and vault maps discovered:
D:1:      arrival_aquarium_b, layout_basic, hangedman_decor_peaks_small
D:2:      layout_basic, basic_altar, serial_undead, serial_undead_d,
          serial_undead_f, serial_undead_b, serial_undead_b, serial_undead_c,
          serial_undead_d, minmay_unequal
D:3:      layout_loops_ring, dreamdust_ecumenical_altar_sealed_demon,
          minivault_4, minmay_crystal_water, uniq_natasha

Skill      XL: |  1  2  3 |
---------------+----------+-----
Unarmed Combat | 4 |  4.7
Fighting       | 3 |  3.1
Dodging        | 3 |  3.2

Action                     |  1- 3 |  4- 6 || total
---------------------------+-------+-------++-------
  Melee: Unarmed           |    82 |    18 ||   100
 Armour: Robe              |    57 |     7 ||    64
  Dodge: Dodged            |    38 |     6 ||    44

Table legend:
 A = Kills in this place as a percentage of kills in the entire game.
 B = Kills by you in this place as a percentage of kills by you in the entire game.
 C = Kills by friends in this place as a percentage of kills by friends in the entire game.
 D = Other kills in this place as a percentage of other kills in the entire game.
 E = Experience gained in this place as a percentage of experience gained in the entire game.
 F = Experience gained in this place divided by the number of levels of this place that you have seen.
                   A       B       C       D       E      F
               +-------+-------+-------+-------+-------+----------------------
         Total | 100.0 | 100.0 |   N/A |   N/A | 100.0 |  76.0
       Dungeon | 100.0 | 100.0 |   N/A |   N/A | 100.0 |  76.0
               +-------+-------+-------+-------+-------+----------------------

Table legend: (Time is in decaauts)
 A = Elapsed time spent in this place.
 B = Non-inter-level travel time spent in this place.
 C = Inter-level travel time spent in this place.
 D = Time resting spent in this place.
 E = Time spent auto-exploring this place.
 F = Levels seen in this place.
 G = Mean time per level.
                   A        B        C        D        E       F      G
               +--------+--------+--------+--------+--------+-----+--------+
         Total |   1487 |   1463 |     24 |      0 |   1224 |   3 |  495.7 |
       Dungeon |   1487 |   1463 |     24 |      0 |   1224 |   3 |  495.7 |
               +--------+--------+--------+--------+--------+-----+--------+

Top non-repeatable levels by time:
     D:2: 730 daAuts
     D:1: 717 daAuts
     D:3: 39 daAuts
